 Dungeon Crawl Stone Soup version 0.27.1-4-g1640c2035a (webtiles) character file.

Game seed: 9298749077256571184

1406 zeram the Cutter (level 8, -4/70 HPs)
             Began as a Troll Brigand on Nov 10, 2021.
             Was a Follower of Dithmenos.
             Slain by Harold (11 damage)
             ... on level 6 of the Dungeon.
             The game lasted 00:17:05 (5491 turns).

zeram the Cutter (Troll Brigand)                    Turns: 5491, Time: 00:17:06

Health: -4/70      AC:  6    Str: 20    XL:     8   Next: 42%
Magic:  7/7        EV:  6    Int:  9    God:    Dithmenos [*.....]
Gold:   139        SH:  0    Dex: 11    Spells: 3/7 levels left

rFire    . . .     SeeInvis .   a - +6 dagger
rCold    . . .     Faith    .   (no shield)
rNeg     . . .     Spirit   .   b - +0 robe
rPois    .         Reflect  .   (helmet restricted)
rElec    .         Harm     .   c - +1 cloak
rCorr    .         Rampage  .   (gloves unavailable)
Will     .....                  (boots unavailable)
Stlth    +++.......             (no amulet)
HPRegen  1.21/turn              (no ring)
MPRegen  0.10/turn              (no ring)

@: flying, held, wreathed by umbra
A: large, unfitting armour, claws 3, regeneration 1, shaggy fur 1, tough skin 1
a: Renounce Religion


You were on level 6 of the Dungeon.
You worshipped Dithmenos.
Dithmenos was aware of your devotion.
You visited 2 branches of the dungeon, and saw 8 of its levels.

You collected 244 gold pieces.
You spent 105 gold pieces at shops.

Inventory:

Hand Weapons
 a - a +6 dagger (weapon)
Missiles
 d - 13 poisoned darts (quivered)
 e - 2 curare-tipped darts
 j - a throwing net
 k - 2 atropa-tipped darts
Armour
 b - a +0 robe (worn)
 c - a +1 cloak (worn)
Jewellery
 f - a ring of resist corrosion
 i - a ring of ice
 l - a +4 ring of evasion
Wands
 n - a wand of charming (9)
 s - a wand of iceblast (6)
Scrolls
 g - a scroll of blinking
 q - a scroll of holy word
Potions
 h - 3 potions of brilliance
 o - 2 potions of attraction
 p - a potion of flight


   Skills:
 - Level 1.5 Fighting
 + Level 6.0 Short Blades
 - Level 1.7 Throwing
 + Level 4.9 Dodging
 + Level 3.7 Stealth


You had 3 spell levels left.
You knew the following spells:

 Your Spells              Type           Power      Damage    Failure   Level
a - Cause Fear            Hex            0%         N/A       99%         4

Your spell library contained the following spells:

 Spells                   Type           Power      Damage    Failure   Level
 Inner Flame              Hex/Fire       0%         N/A       77%         3
 Animate Armour           Summ/Erth      0%         N/A       99%         4
 Blade Hands              Tmut           0%         N/A       100%        5
 Iron Shot                Conj/Erth      0%         9d1       100%        6
 Discord                  Hex            0%         N/A       100%        8


Dungeon Overview and Level Annotations

Branches:
Dungeon (7/15)             Temple (1/1) D:4

Altars:
Ashenzari
Cheibriados
Dithmenos
Gozag
Hepliaklqana
Kikubaaqudgha
Makhleb
Nemelex Xobeh
Okawaru
Qazlal
Ru
Sif Muna
Trog
Uskayaw
Vehumet
Wu Jian
Xom
Yredelemnul
Zin
The Shining One

Shops:
D:5 ?

Annotations:
D:6 Harold


Innate Abilities, Weirdness & Mutations

You are too large for most types of armour.
You have claws for hands.
Your natural rate of healing is unusually fast.
You are covered in fur. (AC +1)
You have tough skin. (AC +1)


Message History

You become entangled in the net!
Things that are here:
a throwing net; a +0 whip You are held in a net!
You struggle against the net.
You struggle against the net.
Harold hits you with a +0 hand axe!
You rip the net and break free!
Harold barely misses you.
You barely miss Harold. Harold hits you with a +0 hand axe.
You hit Harold.
Harold is lightly wounded.
You hit Harold but do no damage.
Harold is lightly wounded.
Harold says, "Listen, it's nothing personal.
It's just a job."
Harold barely misses you.
You hit Harold but do no damage.
Harold is lightly wounded.
Harold hits you with a +0 hand axe!
You hit Harold.
Harold is lightly wounded.
You hit Harold.
Harold is lightly wounded.
Harold shouts, "Can you die now?
I had plans for the rest of the day!"
Harold hits you with a +0 hand axe!
You hit Harold but do no damage.
Harold is lightly wounded.
Harold hits you with a +0 hand axe!!
* * * LOW HITPOINT WARNING * * *
Things that are here:
a +0 leather armour; a +0 club You hit Harold but do no damage.
Harold is lightly wounded.
Harold says, "This is so exciting!
What a great way to end my career!"
Harold hits you with a +0 hand axe!
* * * LOW HITPOINT WARNING * * *
Harold throws a throwing net.
The throwing net hits you.
You become entangled in the net!
You see here a throwing net.
You struggle against the net.
You struggle against the net.
Harold hits you with a +0 hand axe!
You die...

#...............# ##...........#
................####..####.######
#.........#####.#....## #.#
..........# #.....######.#
.<........# ##..#.....##.#
#.........######...........#
#........†.......######...##
#........######..# #..<.###
#.#.....#####...@######..#...####
..########....#.[@[<.....###.....
.## ##.#######)..###..####### .#
###).# ###)#.# ##...#### .#
###...## ##..)..# ###.>..# .#
##...### #.>##.## ####.# ##
#..### #.###># #.#
####.##########.###.######## #.#
...........................###.##


You could see Harold.

Vanquished Creatures
  A necrophage (D:5)
  An ogre (D:4)
  2 phantoms
  A kobold brigand (D:6)
  2 wyvern skeletons
  3 water moccasin skeletons
  A centaur zombie (D:6)
  A bullfrog zombie (D:6)
  2 hounds
  An orc priest (D:3)
  A gnoll shaman (D:5)
  A jelly (D:6)
  6 iguanas
  4 orc wizards
  Natasha (D:4)
  9 adders
  6 gnolls
  5 worms
  2 dart slugs (D:3)
  10 orcs
  4 bats
  9 endoplasms
  5 giant cockroaches
  10 hobgoblins
  4 jackals (D:1)
  4 quokkas
  5 ball pythons
  7 frilled lizards
  7 goblins
  5 kobolds
  9 rats
129 creatures vanquished.

Vanquished Creatures (others)
  An orc wizard (D:6)
  An orc (D:6)
2 creatures vanquished.

Grand Total: 131 creatures vanquished

Notes
Turn   | Place    | Note
-------+----------+-------------------------------------------
     0 | D:1      | zeram the Troll Brigand began the quest for the Orb.
     0 | D:1      | Reached XP level 1. HP: 19/19 MP: 0/0
   242 | D:1      | Reached XP level 2. HP: 17/27 MP: 1/1
   292 | D:1      | Reached skill level 1 in Dodging
   904 | D:2      | Reached XP level 3. HP: 33/33 MP: 2/2
  1322 | D:2      | Reached skill level 2 in Short Blades
  1591 | D:2      | Found a burning altar of Makhleb.
  1736 | D:2      | Reached XP level 4. HP: 40/41 MP: 3/3
  2142 | D:2      | Reached skill level 3 in Short Blades
  2197 | D:2      | Reached XP level 5. HP: 48/48 MP: 4/4
  2603 | D:3      | Found a bloodstained altar of Trog.
  2603 | D:3      | Found a sparkling altar of Nemelex Xobeh.
  2703 | D:3      | Found a hazy altar of Hepliaklqana.
  2859 | D:3      | Learned a level 4 spell: Cause Fear
  2882 | D:3      | Found an ornate altar of the Wu Jian Council.
  3019 | D:3      | Reached XP level 6. HP: 50/55 MP: 5/5
  3254 | D:3      | Reached skill level 4 in Short Blades
  3298 | D:4      | Found a staircase to the Ecumenical Temple.
  3311 | Temple   | Entered the Ecumenical Temple
  3339 | Temple   | Became a worshipper of Dithmenos the Shadowed
  3613 | D:4      | Reached XP level 7. HP: 62/62 MP: 6/6
  3648 | D:4      | Noticed Natasha
  3655 | D:4      | Killed Natasha
  3971 | D:5      | Entered Level 5 of the Dungeon
  3971 | D:5      | Found Qekist's Magic Scroll Emporium.
  3974 | D:5      | Bought a scroll of holy word for 105 gold pieces
  4136 | D:5      | Reached skill level 5 in Short Blades
  4798 | D:6      | Reached XP level 8. HP: 70/70 MP: 7/7
  4899 | D:5      | Reached * piety under Dithmenos
  5070 | D:6      | Reached skill level 6 in Short Blades
  5395 | D:7      | Noticed Harold
  5488 | D:6      | HP: 3/70 [Harold (16)]
  5491 | D:6      | Slain by Harold

Illustrated notes

Levels and vault maps discovered:
D:1:      elethiomel_arrival_shortcut, layout_basic
D:2:      minmay_razor_zed, layout_loops_corners, basic_altar
D:3:      layout_loops_ring, lemuel_crystal_altar,
          mainiacjoe_overflow_large_starburst, lemuel_round_altar
D:4:      layout_rooms, minmay_temple_entry_mist, uniq_natasha
D:5:      layout_cave_pods, serial_shops, nicolae_stop_n_shop_1,
          hangedman_decor_opposing
D:6:      layout_rooms
D:7:      layout_cave_pods, tgw_fedhas, serial_shops, nicolae_shop_trees,
          nrook_loot_triangle, kennysheep_doodads, grunt_ministairs_15,
          uniq_harold
Temple:   eino_temple_rhombus

Skill      XL: |  1  2  3  4  5  6  7  8 |
---------------+-------------------------+-----
Dodging        | 1 2 3 4 |  4.9
Short Blades   | 2 3 4 5 6 |  6.0
Stealth        | 3 |  3.7
Fighting       | |  1.5
Throwing       | |  1.7

Action                   |  1- 3 |  4- 6 |  7- 9 || total
-------------------------+-------+-------+-------++-------
Melee: Dagger            |   190 |   316 |   242 ||   748
Throw: Dart              |     3 |     4 |       ||     7
  Use: Scroll            |     3 |     6 |     8 ||    17
       Potion            |       |       |     6 ||     6
 Stab: Sleeping          |     4 |     2 |     5 ||    11
       Distracted        |       |       |     1 ||     1
Armor: Robe              |    83 |    85 |    61 ||   229
Dodge: Dodged            |    74 |   103 |   104 ||   281
